General information
- name: BNet
- type: Ladder team game (AT/RT)
- host: Battle.net
- saver: BRUCEWILLISUSA
map: Friends
- players: 8
- length: 41:44
- speed: Fast
- version: 1.24 W3XP
- replay type: Public
» download(316 KB)
Players
team 1 (loser)

»
IiIiiiIiiIIIii1 (
green | 42 APM | 1689 actions | 40:15)
8 Priestess of the Moon
3 Trueshot Aura
3 Searing Arrows
1 Starfall
1 Scout
5 Keeper of the Grove
3 Entangling Roots
2 Thorns Aura
» actions
| Assign group hotkey | 14 | |
| Basic commands | 35 | |
| Build / train | 71 | |
| Enter build submenu | 17 | |
| Enter hero's abilities submenu | 13 | |
| Right click | 1034 | |
| Select / deselect | 337 | |
| Select group hotkey | 57 | |
| Use ability | 111 | |
1689 total
» units
| Wisp | 20 | |
| Archer | 10 | |
| Dryad | 7 | |
| Druid of the Talon | 4 | |
| Glaive Thrower | 2 | |
| Huntress | 1 | |
| Goblin Zeppelin | 1 | |
45 total
» upgrades
| Strength of the Moon | 2 | |
| Ultravision | 1 | |
| Improved Bows | 1 | |
| Druid of the Talon Training | 2 | |
| Abolish Magic | 1 | |
| Vorpal Blades | 1 | |
| Sentinel | 1 | |
9 total
» buildings
| Altar of Elders | 1 | |
| Moon Well | 5 | |
| Ancient of War | 2 | |
| Tree of Ages | 1 | |
| Tree of Life | 4 | |
| Hunter's Hall | 1 | |
| Ancient of Wonders | 1 | |
| Ancient of Wind | 1 | |
| Ancient of Lore | 1 | |
| Tree of Eternity | 1 | |
18 total
» build order
00:20 Altar of Elders
00:33 Moon Well
00:50 Ancient of War
01:21 Moon Well
02:07 Ancient of War
02:21 Moon Well
03:42 Tree of Ages
04:23 Tree of Life
05:12 Hunter's Hall
05:15 Ancient of Wonders
06:29 Ancient of Wind
06:31 Ancient of Lore
10:55 Tree of Eternity
11:03 Moon Well
15:28 Tree of Life
16:28 Moon Well
20:43 Tree of Life
25:05 Tree of Life
booloo132b (
red | 68 APM | 2836 actions | 41:43)
6 Priestess of the Moon
3 Trueshot Aura
2 Searing Arrows
1 Starfall
6 Keeper of the Grove
3 Entangling Roots
2 Thorns Aura
1 Tranquility
» actions
| Assign group hotkey | 81 | |
| Basic commands | 168 | |
| Build / train | 96 | |
| ESC pressed | 4 | |
| Enter build submenu | 17 | |
| Enter hero's abilities submenu | 12 | |
| Right click | 1230 | |
| Select / deselect | 652 | |
| Select group hotkey | 502 | |
| Use ability | 72 | |
2836 total
» units
» upgrades
| Strength of the Moon | 3 | |
| Improved Bows | 1 | |
| Marksmanship | 1 | |
| Moon Armor | 3 | |
8 total
» buildings
| Altar of Elders | 3 | |
| Moon Well | 6 | |
| Ancient of War | 2 | |
| Tree of Ages | 1 | |
| Hunter's Hall | 1 | |
| Tree of Eternity | 1 | |
| Ancient of Wonders | 1 | |
| Ancient of Lore | 1 | |
| Tree of Life | 2 | |
18 total
» build order
00:08 Altar of Elders
00:13 Moon Well
00:49 Ancient of War
01:19 Moon Well
02:33 Tree of Ages
04:10 Hunter's Hall
05:23 Tree of Eternity
06:45 Moon Well
06:46 Moon Well
07:43 Moon Well
07:45 Moon Well
07:51 Ancient of War
09:53 Ancient of Wonders
23:32 Ancient of Lore
30:32 Tree of Life
30:45 Tree of Life
31:14 Altar of Elders
31:19 Altar of Elders
» items
| Orb of Venom | 1 | |
| Anti-magic Potion | 2 | |
3 total
DeMoN666 (
teal | 51 APM | 2127 actions | 41:43)
6 Crypt Lord
3 Carrion Beetles
2 Impale
1 Locust Swarm
3 Lich
2 Frost Nova
1 Frost Armor
» actions
| Assign group hotkey | 69 | |
| Basic commands | 314 | |
| Build / train | 61 | |
| ESC pressed | 4 | |
| Enter build submenu | 17 | |
| Enter hero's abilities submenu | 9 | |
| Right click | 877 | |
| Select / deselect | 325 | |
| Select group hotkey | 342 | |
| Use ability | 108 | |
2127 total
» units
| Acolyte | 14 | |
| Ghoul | 1 | |
| Crypt Fiend | 16 | |
| Forest Troll Shadow Priest | 1 | |
| Obsidian Statue | 4 | |
36 total
» upgrades
» buildings
| Crypt | 2 | |
| Ziggurat | 7 | |
| Graveyard | 1 | |
| Altar of Darkness | 1 | |
| Tomb of Relics | 1 | |
| Halls of the Dead | 1 | |
| Slaughterhouse | 1 | |
| Black Citadel | 1 | |
| Spirit Tower | 1 | |
| Necropolis | 2 | |
18 total
» build order
00:05 Crypt
00:08 Ziggurat
00:44 Graveyard
00:57 Altar of Darkness
01:52 Tomb of Relics
01:55 Ziggurat
04:04 Halls of the Dead
04:11 Ziggurat
06:45 Slaughterhouse
06:46 Ziggurat
09:01 Black Citadel
09:39 Spirit Tower
17:29 Crypt
17:35 Ziggurat
17:36 Ziggurat
17:37 Ziggurat
19:01 Necropolis
19:17 Necropolis
» items
PrinceKael-Thas (
yellow | 72 APM | 3016 actions | 41:43)
8 Demon Hunter
3 Evasion
3 Immolation
1 Metamorphosis
1 Mana Burn
» actions
| Basic commands | 85 | |
| Build / train | 84 | |
| ESC pressed | 3 | |
| Enter build submenu | 29 | |
| Enter hero's abilities submenu | 8 | |
| Remove unit from queue | 1 | |
| Right click | 2010 | |
| Select / deselect | 690 | |
| Use ability | 105 | |
3016 total
» units
| Wisp | 16 | |
| Forest Troll Berserker | 1 | |
| Druid of the Talon | 13 | |
| Druid of the Claw | 13 | |
| Dryad | 8 | |
51 total
» upgrades
| Ultravision | 1 | |
| Strength of the Wild | 3 | |
| Reinforced Hides | 3 | |
| Druid of the Claw Training | 2 | |
| Druid of the Talon Training | 3 | |
| Abolish Magic | 1 | |
| Mark of the Claw | 1 | |
| Mark of the Talon | 1 | |
| Well Spring | 1 | |
16 total
» buildings
| Altar of Elders | 1 | |
| Moon Well | 13 | |
| Hunter's Hall | 1 | |
| Ancient Protector | 4 | |
| Tree of Ages | 2 | |
| Ancient of Wind | 2 | |
| Ancient of Lore | 2 | |
| Tree of Life | 2 | |
| Tree of Eternity | 1 | |
| Ancient of Wonders | 1 | |
29 total
» build order
00:02 Altar of Elders
00:21 Moon Well
00:50 Moon Well
01:29 Moon Well
01:56 Hunter's Hall
02:10 Moon Well
03:05 Ancient Protector
03:10 Moon Well
03:59 Tree of Ages
04:02 Ancient Protector
04:24 Ancient Protector
04:32 Moon Well
05:03 Ancient Protector
05:27 Moon Well
05:30 Moon Well
06:22 Ancient of Wind
06:29 Ancient of Lore
09:23 Ancient of Lore
09:51 Tree of Life
09:57 Moon Well
13:12 Moon Well
15:28 Tree of Ages
18:03 Ancient of Wind
18:07 Moon Well
18:13 Moon Well
18:25 Tree of Eternity
20:03 Ancient of Wonders
29:33 Moon Well
30:24 Tree of Life
» items
| Orb of Venom | 1 | |
| Scroll of Town Portal | 1 | |
| Moonstone | 1 | |
3 total
team 2 (winner)

»
johnynumber1 (
blue | 48 APM | 2022 actions | 41:43)
5 Blood Mage
2 Flame Strike
3 Siphon Mana
3 Archmage
2 Blizzard
1 Brilliance Aura
1 Naga Sea Witch
1 Frost Arrows
» actions
| Assign group hotkey | 45 | |
| Basic commands | 165 | |
| Build / train | 100 | |
| Enter build submenu | 51 | |
| Enter hero's abilities submenu | 8 | |
| Remove unit from queue | 1 | |
| Right click | 615 | |
| Select / deselect | 433 | |
| Select group hotkey | 487 | |
| Use ability | 117 | |
2022 total
» units
| Peasant | 33 | |
| Footman | 8 | |
| Knight | 6 | |
| Goblin Shredder | 1 | |
| Mortar Team | 4 | |
52 total
» upgrades
| Defend | 1 | |
| Lumber Harvesting | 1 | |
| Masonry | 2 | |
| Animal War Training | 1 | |
| Swords | 2 | |
| Plating | 1 | |
| Fragmentation Shards | 2 | |
| Flare | 1 | |
11 total
» buildings
| Farm | 13 | |
| Altar of Kings | 2 | |
| Barracks | 2 | |
| Scout Tower | 18 | |
| Lumber Mill | 3 | |
| Arcane Tower | 1 | |
| Guard Tower | 8 | |
| Keep | 2 | |
| Arcane Vault | 2 | |
| Blacksmith | 2 | |
| Castle | 2 | |
| Workshop | 3 | |
| Town Hall | 2 | |
| Cannon Tower | 4 | |
64 total
» build order
00:15 Farm
00:24 Altar of Kings
00:50 Barracks
00:56 Farm
01:43 Scout Tower
01:59 Lumber Mill
02:16 Arcane Tower
02:23 Farm
03:06 Farm
03:12 Scout Tower
03:18 Scout Tower
03:59 Guard Tower
04:04 Farm
04:32 Barracks
05:08 Farm
06:04 Farm
06:07 Scout Tower
06:36 Keep
06:38 Guard Tower
06:51 Arcane Vault
06:55 Arcane Vault
07:21 Farm
07:46 Blacksmith
08:29 Lumber Mill
08:30 Farm
10:31 Castle
11:16 Farm
11:25 Lumber Mill
11:32 Workshop
13:22 Farm
17:35 Town Hall
24:08 Keep
24:33 Altar of Kings
24:48 Scout Tower
24:52 Scout Tower
24:57 Scout Tower
25:02 Blacksmith
25:30 Guard Tower
25:32 Guard Tower
25:34 Scout Tower
25:36 Scout Tower
25:45 Scout Tower
25:59 Scout Tower
26:10 Guard Tower
26:13 Scout Tower
26:13 Guard Tower
26:15 Scout Tower
26:16 Guard Tower
26:30 Guard Tower
26:34 Castle
26:43 Workshop
26:46 Workshop
27:09 Scout Tower
28:12 Cannon Tower
28:40 Cannon Tower
30:19 Farm
32:34 Scout Tower
34:44 Cannon Tower
34:46 Scout Tower
34:50 Town Hall
35:01 Scout Tower
35:18 Cannon Tower
36:06 Scout Tower
37:18 Farm
» items
| Potion of Healing | 4 | |
| Orb of Venom | 1 | |
| Scroll of Regeneration | 2 | |
7 total
BRUCEWILLISUSA (
purple | 65 APM | 2716 actions | 41:44)
9 Blood Mage
3 Flame Strike
3 Siphon Mana
1 Summon Phoenix
2 Banish
» actions
| Assign group hotkey | 134 | |
| Basic commands | 90 | |
| Build / train | 121 | |
| ESC pressed | 10 | |
| Enter build submenu | 38 | |
| Enter hero's abilities submenu | 10 | |
| Give item / drop item | 1 | |
| Right click | 1240 | |
| Select / deselect | 330 | |
| Select group hotkey | 563 | |
| Use ability | 179 | |
2716 total
» units
| Peasant | 23 | |
| Goblin Shredder | 2 | |
| Siege Engine | 2 | |
| Mortar Team | 16 | |
| Goblin Sapper | 9 | |
52 total
» upgrades
| Masonry | 3 | |
| Fragmentation Shards | 1 | |
| Flare | 1 | |
| Gunpowder | 3 | |
| Plating | 3 | |
11 total
» buildings
| Altar of Kings | 1 | |
| Farm | 10 | |
| Scout Tower | 35 | |
| Lumber Mill | 3 | |
| Arcane Tower | 5 | |
| Guard Tower | 10 | |
| Keep | 2 | |
| Castle | 1 | |
| Blacksmith | 1 | |
| Workshop | 4 | |
| Arcane Vault | 1 | |
| Town Hall | 1 | |
74 total
» build order
00:08 Altar of Kings
00:12 Farm
00:43 Scout Tower
00:52 Lumber Mill
01:07 Farm
01:30 Arcane Tower
01:38 Scout Tower
01:55 Farm
02:16 Arcane Tower
02:37 Scout Tower
03:18 Guard Tower
04:07 Keep
04:08 Keep
04:22 Scout Tower
04:23 Scout Tower
04:24 Scout Tower
04:25 Scout Tower
04:26 Scout Tower
04:26 Scout Tower
04:27 Scout Tower
04:28 Scout Tower
05:08 Guard Tower
05:39 Guard Tower
05:56 Guard Tower
06:30 Castle
06:33 Guard Tower
07:24 Scout Tower
07:24 Scout Tower
07:27 Blacksmith
07:31 Farm
07:32 Farm
07:33 Farm
07:34 Farm
07:34 Farm
08:04 Guard Tower
08:11 Scout Tower
08:11 Scout Tower
08:12 Scout Tower
08:13 Scout Tower
08:14 Scout Tower
08:15 Scout Tower
08:52 Workshop
08:52 Workshop
09:44 Guard Tower
09:51 Workshop
10:37 Workshop
10:50 Farm
10:51 Farm
13:37 Arcane Vault
17:47 Scout Tower
17:48 Scout Tower
17:49 Scout Tower
17:50 Scout Tower
19:55 Lumber Mill
21:16 Guard Tower
23:42 Lumber Mill
28:12 Scout Tower
28:13 Scout Tower
28:14 Scout Tower
28:15 Scout Tower
28:16 Scout Tower
28:16 Scout Tower
28:17 Scout Tower
28:18 Scout Tower
30:57 Guard Tower
30:58 Scout Tower
30:59 Scout Tower
31:00 Scout Tower
31:00 Scout Tower
31:51 Arcane Tower
31:54 Town Hall
31:55 Arcane Tower
» items
| Lesser Clarity Potion | 4 | |
| Scroll of Regeneration | 4 | |
| Scroll of Town Portal | 13 | |
| Staff of Sanctuary | 1 | |
| Ivory Tower | 3 | |
25 total

»
Mr-Blue-Sky (
orange | 54 APM | 2263 actions | 41:43)
6 Pandaren Brewmaster
2 Breath of Fire
3 Drunken Brawler
1 Storm Earth and Fire
5 Priestess of the Moon
3 Trueshot Aura
2 Searing Arrows
» actions
| Assign group hotkey | 54 | |
| Basic commands | 35 | |
| Build / train | 105 | |
| Enter build submenu | 32 | |
| Enter hero's abilities submenu | 11 | |
| Give item / drop item | 1 | |
| Remove unit from queue | 5 | |
| Right click | 939 | |
| Select / deselect | 484 | |
| Select group hotkey | 466 | |
| Use ability | 131 | |
2263 total
» units
| Wisp | 28 | |
| Archer | 9 | |
| Dryad | 19 | |
| Goblin Shredder | 1 | |
| Mountain Giant | 3 | |
60 total
» upgrades
| Strength of the Wild | 3 | |
| Abolish Magic | 1 | |
| Reinforced Hides | 2 | |
| Druid of the Claw Training | 1 | |
| Ultravision | 1 | |
8 total
» buildings
| Altar of Elders | 3 | |
| Moon Well | 10 | |
| Ancient of War | 1 | |
| Ancient of Wonders | 1 | |
| Tree of Ages | 2 | |
| Hunter's Hall | 2 | |
| Ancient of Lore | 4 | |
| Tree of Eternity | 2 | |
| Ancient of Wind | 1 | |
| Tree of Life | 4 | |
| Chimaera Roost | 3 | |
33 total
» build order
00:10 Altar of Elders
00:20 Moon Well
00:59 Ancient of War
01:41 Moon Well
02:17 Ancient of Wonders
03:09 Moon Well
03:12 Tree of Ages
05:24 Hunter's Hall
06:07 Moon Well
06:36 Ancient of Lore
06:39 Ancient of Lore
07:36 Tree of Eternity
07:40 Ancient of Wind
10:03 Moon Well
20:23 Moon Well
25:20 Tree of Life
31:52 Altar of Elders
31:57 Chimaera Roost
32:01 Chimaera Roost
32:07 Chimaera Roost
32:12 Moon Well
33:45 Altar of Elders
33:47 Moon Well
34:21 Hunter's Hall
34:45 Tree of Life
34:52 Moon Well
35:28 Tree of Ages
36:55 Moon Well
37:01 Tree of Life
38:01 Ancient of Lore
38:10 Ancient of Lore
39:50 Tree of Eternity
39:56 Tree of Life
» items
| Dust of Appearance | 1 | |
| Scroll of Town Portal | 4 | |
| Potion of Healing | 3 | |
| Scroll of Regeneration | 3 | |
| Moonstone | 1 | |
| Orb of Venom | 1 | |
| Lesser Clarity Potion | 2 | |
15 total

»
Bobssc3 (
pink | 45 APM | 1868 actions | 41:43)
8 Paladin
3 Holy Light
2 Devotion Aura
2 Divine Shield
1 Resurrection
» actions
| Build / train | 104 | |
| Enter build submenu | 24 | |
| Enter hero's abilities submenu | 9 | |
| Remove unit from queue | 3 | |
| Right click | 1007 | |
| Select / deselect | 601 | |
| Use ability | 120 | |
1868 total
» units
| Peasant | 19 | |
| Footman | 11 | |
| Dragonhawk Rider | 1 | |
| Gryphon Rider | 28 | |
59 total
» upgrades
| Swords | 3 | |
| Armor | 3 | |
| Lumber Harvesting | 1 | |
| Storm Hammers | 1 | |
| Masonry | 1 | |
9 total
» buildings
| Altar of Kings | 1 | |
| Farm | 12 | |
| Barracks | 1 | |
| Arcane Vault | 1 | |
| Scout Tower | 3 | |
| Lumber Mill | 1 | |
| Blacksmith | 1 | |
| Guard Tower | 3 | |
| Keep | 1 | |
| Castle | 1 | |
| Gryphon Aviary | 2 | |
| Town Hall | 1 | |
28 total
» build order
00:29 Altar of Kings
00:39 Farm
01:17 Barracks
01:26 Farm
02:22 Farm
02:32 Arcane Vault
02:54 Farm
03:40 Farm
03:45 Scout Tower
04:24 Lumber Mill
04:27 Scout Tower
04:32 Blacksmith
05:36 Guard Tower
06:00 Guard Tower
06:05 Keep
06:20 Scout Tower
06:56 Guard Tower
08:11 Farm
08:13 Farm
08:14 Farm
08:15 Farm
08:28 Castle
08:33 Gryphon Aviary
08:35 Gryphon Aviary
10:46 Farm
10:48 Farm
12:55 Farm
35:35 Town Hall
» items
| Scroll of Regeneration | 1 | |
| Lesser Clarity Potion | 6 | |
| Potion of Healing | 4 | |
| Orb of Fire | 1 | |
| Scroll of Town Portal | 4 | |
| Potion of Mana | 2 | |
18 total
Chat log
(00:27 / Allies) Mr-Blue-Sky: simnple rush?
(00:29 / Allies) Mr-Blue-Sky: simple,,
(00:38 / Allies) BRUCEWILLISUSA: squelched
(00:52 / Allies) Mr-Blue-Sky: panda archer
(02:38 / Allies) johnynumber1: go
(03:30 / Allies) Mr-Blue-Sky: god damnit purple.. it's a rush
(03:31 / Allies) BRUCEWILLISUSA: ghet away from my hero please
(03:34 / Allies) BRUCEWILLISUSA: i dont want to creep with you
(03:36 / Allies) BRUCEWILLISUSA: i dont want to be near you
(03:42 / Allies) Mr-Blue-Sky: selfish motherfucker
(03:56 / Allies) Bobssc3: ...
(04:02 / Allies) BRUCEWILLISUSA: ty
(04:06 / Allies) Bobssc3: ..?
(04:12 / Allies) BRUCEWILLISUSA: im claustrophobic
(04:15 / Allies) Bobssc3: okay
(04:55 / Allies) johnynumber1: time
(04:57 / Allies) johnynumber1: hit?
(05:06 / Allies) Mr-Blue-Sky: nope
(05:12 / Allies) Mr-Blue-Sky: you and purple don't have any units
(05:30 / Allies) Mr-Blue-Sky: cc
(06:31 / Allies) Mr-Blue-Sky: b
(06:49 / Allies) Mr-Blue-Sky: get rdy guys
(06:57 / Allies) johnynumber1: saty back
(07:00 / Allies) johnynumber1: wait tp to fight
(07:13 / Allies) BRUCEWILLISUSA: they are creeping reds
(07:16 / Allies) BRUCEWILLISUSA: what are you waiting for
(07:45 / Allies) BRUCEWILLISUSA: u dont have defend
(07:48 / Allies) BRUCEWILLISUSA: get it so u can own archers
(08:17 / Allies) Mr-Blue-Sky: lets hit
(08:27 / Allies) BRUCEWILLISUSA: nah lets let them creep every single red spot on the map
(08:30 / Allies) BRUCEWILLISUSA: and get 15 level 5 heros
(08:31 / Allies) BRUCEWILLISUSA: then hit
(08:35 / Allies) Mr-Blue-Sky: lore
(08:48 / Allies) Mr-Blue-Sky: wind
(09:10 / Allies) Mr-Blue-Sky: hall
(09:24 / Allies) Mr-Blue-Sky: then tp out
(09:33 / All) IiIiiiIiiIIIii1: i thought they got ride of mh bruce?
(09:37 / Allies) johnynumber1: out
(09:40 / All) BRUCEWILLISUSA: how many units
(09:41 / All) BRUCEWILLISUSA: did you jsut lose
(09:42 / All) BRUCEWILLISUSA: rofl
(09:47 / All) IiIiiiIiiIIIii1: a lot
(09:48 / Allies) Mr-Blue-Sky: ?
(10:12 / Allies) BRUCEWILLISUSA: gold pls
(10:31 / All) BRUCEWILLISUSA: micro that dryad furiously, nerd
(10:38 / All) IiIiiiIiiIIIii1: lol...
(10:43 / All) IiIiiiIiiIIIii1: are you angry?
(11:37 / Allies) Mr-Blue-Sky: help
(11:38 / Allies) Mr-Blue-Sky: tp
(11:51 / Allies) Mr-Blue-Sky: tp
(12:20 / Allies) BRUCEWILLISUSA: gold pls
(13:22 / Allies) Mr-Blue-Sky: b
(13:32 / Allies) BRUCEWILLISUSA: back up to yoru towers
(13:34 / Allies) BRUCEWILLISUSA: or youll get shti on
(13:46 / Allies) Mr-Blue-Sky: tp
(13:58 / Allies) Mr-Blue-Sky: call to
(14:03 / Allies) BRUCEWILLISUSA: back up to your towers
(14:08 / Allies) BRUCEWILLISUSA: even if you built them in a gay pklace
(14:10 / Allies) BRUCEWILLISUSA: back up tot htem
(14:20 / Allies) Mr-Blue-Sky: yeah ok morts
(15:28 / Allies) BRUCEWILLISUSA: i got 2 mains at bottom
(15:33 / Allies) johnynumber1: help
(15:34 / Allies) johnynumber1: please
(15:58 / Allies) BRUCEWILLISUSA: kill that fucking dh
(16:03 / Allies) Bobssc3: trying
(16:50 / Allies) BRUCEWILLISUSA: stop being a dick with gyrphs and shoot him
(17:00 / Allies) Bobssc3: gj
(17:10 / Allies) Mr-Blue-Sky: counter
(17:20 / Allies) johnynumber1: 100 gold please
(17:36 / Allies) johnynumber1: thx
(17:38 / Allies) Mr-Blue-Sky: np
(17:46 / Allies) johnynumber1: togethor
(17:54 / Allies) BRUCEWILLISUSA: go ld plz
(17:54 / Allies) johnynumber1: we need hit togethor and finisht tehm
(18:00 / Allies) Mr-Blue-Sky: b?
(18:03 / Allies) Bobssc3: b
(18:03 / Allies) Bobssc3: b
(18:04 / Allies) Mr-Blue-Sky: ya
(18:06 / Allies) johnynumber1: dont suicide
(18:07 / Allies) BRUCEWILLISUSA: gp;d [ls
(18:08 / Allies) BRUCEWILLISUSA: gold pls
(18:09 / Allies) johnynumber1: meet wiht purple
(18:26 / Allies) Mr-Blue-Sky: purple wait
(18:34 / Allies) Mr-Blue-Sky: you need to tp purple here
(18:35 / Allies) Mr-Blue-Sky: pleazse
(18:38 / Allies) johnynumber1: we need togethor
(18:44 / Allies) johnynumber1: mortar easy kill dryad
(18:58 / Allies) johnynumber1: wow
(18:59 / Allies) johnynumber1: flame
(19:23 / Allies) johnynumber1: becarefll behind u purple
(19:25 / Allies) Mr-Blue-Sky: get tp pink
(19:35 / Allies) Bobssc3: kk
(19:35 / Allies) BRUCEWILLISUSA: manage your own BAD SHITTY WEAK army
(19:38 / Allies) BRUCEWILLISUSA: and let me manage mine
(19:39 / Allies) BRUCEWILLISUSA: i took out 2 bases
(19:41 / Allies) BRUCEWILLISUSA: wbhat did u do
(19:44 / Allies) BRUCEWILLISUSA: that u need to ggive me advnice
(19:45 / Allies) Mr-Blue-Sky: lol
(19:54 / Allies) johnynumber1: we need ur army purple
(20:06 / Allies) BRUCEWILLISUSA: how baout you make some units
(20:09 / Allies) BRUCEWILLISUSA: that make u feel brave enough
(20:09 / Allies) Mr-Blue-Sky: come, lets hit together
(20:11 / Allies) BRUCEWILLISUSA: to face the enemy
(20:15 / Allies) BRUCEWILLISUSA: isntead of begging my gOOD UNTIS
(20:18 / Allies) BRUCEWILLISUSA: to join your WEAK ones
(20:24 / Allies) johnynumber1: i just remake my town
(20:26 / Allies) Mr-Blue-Sky: were a team purple
(20:32 / Allies) BRUCEWILLISUSA: "CAN U PLZ BRING UR MORTS... ALL I HAVE IS GRYPHONS I CANT EVEN HIT ANYTHING"
(20:36 / Allies) Bobssc3: im goin to expo real quick
(20:41 / Allies) BRUCEWILLISUSA: "CAN U PLZ BRING MORTS... ALL I HAVE IS AIR AND THEY HAVE ALL AA"
(20:55 / Allies) BRUCEWILLISUSA: GOGO MASS AIR VS MASS ANTI-AIR
(20:56 / Allies) BRUCEWILLISUSA: ALL THEY HAVE
(20:57 / Allies) BRUCEWILLISUSA: IS AA
(20:59 / Allies) BRUCEWILLISUSA: MAKE MORE AIR!!!
(21:02 / Allies) Mr-Blue-Sky: b
(21:06 / Allies) Mr-Blue-Sky: tp
(21:09 / Allies) Mr-Blue-Sky: b
(21:15 / Allies) johnynumber1: no divine pink?
(21:33 / Allies) Bobssc3: nope
(21:51 / Allies) Mr-Blue-Sky: up top
(21:59 / Allies) BRUCEWILLISUSA: LURE THEM IN MORE
(22:01 / Allies) BRUCEWILLISUSA: STOP SUICIDING
(22:04 / Allies) BRUCEWILLISUSA: BACK
(22:04 / Allies) BRUCEWILLISUSA: BACK
(22:21 / Allies) johnynumber1: hit dh gryphon
(22:51 / Allies) BRUCEWILLISUSA: DISPE,L HIS PIT LROD
(22:52 / Allies) BRUCEWILLISUSA: ITS SUMMONED
(22:53 / Allies) BRUCEWILLISUSA: JOOB
(23:00 / All) BRUCEWILLISUSA: NOOBS
(23:01 / All) BRUCEWILLISUSA: OWNED
(23:35 / Allies) Mr-Blue-Sky: clear
(23:59 / Allies) BRUCEWILLISUSA: FUCK YOUY
(24:01 / Allies) BRUCEWILLISUSA: YOU DUMBN FUCKIGN RAT
(24:03 / Allies) BRUCEWILLISUSA: HWOP DARE YOU PING
(24:05 / Allies) BRUCEWILLISUSA: DUMB IDIOT
(24:08 / Allies) BRUCEWILLISUSA: IM TRYING TO GIVE YOU LESSONS
(24:08 / Allies) BRUCEWILLISUSA: RAT
(24:11 / Allies) BRUCEWILLISUSA: BOW DOWN FILTY WORM
(24:12 / Allies) BRUCEWILLISUSA: AFK
(24:30 / Allies) BRUCEWILLISUSA: STUPID FUCKING NOOB JUST WANTS TO FOLLOW SOMEONE ELSES ARMY AROUND
(24:34 / Allies) BRUCEWILLISUSA: CANT GO TAKE CARE OF AN EXPO ON HIS OWN
(24:37 / Allies) BRUCEWILLISUSA: TOO STUPID FOR HTAT
(24:43 / Allies) BRUCEWILLISUSA: SO I HAVE TO CROSS THE WHOLE MAP
(24:45 / Allies) BRUCEWILLISUSA: AND DO IT MYSELF
(24:51 / Allies) BRUCEWILLISUSA: CUZ NOOB BOY ONLY KNOWS HOW TTO FOLLOW MY HERO AROUND
(24:54 / Allies) Bobssc3: im doing it now..
(25:02 / Allies) BRUCEWILLISUSA: HIT THAT
(25:04 / Allies) BRUCEWILLISUSA: THAT
(25:46 / Allies) Mr-Blue-Sky: hey purple, could you lend some cash buddy.. or spend it?
(25:47 / Allies) BRUCEWILLISUSA: LOL
(25:52 / Allies) BRUCEWILLISUSA: FUCK OFF UDMB NOOB
(25:54 / Allies) BRUCEWILLISUSA: LEARN TO PLAY
(26:00 / Allies) Mr-Blue-Sky: thanks purple..
(26:08 / Allies) BRUCEWILLISUSA: YOU CANT EVEN TAKE OUT AN EXPO
(26:10 / Allies) BRUCEWILLISUSA: YOU HAVE TO JACK OFF
(26:11 / Allies) BRUCEWILLISUSA: INSTEAD
(26:15 / Allies) BRUCEWILLISUSA: SO I HAVE TO DO EVERYTHING
(26:17 / Allies) BRUCEWILLISUSA: ABSOLUTELY EVERYTHING
(26:18 / Allies) Mr-Blue-Sky: didn't see it
(26:21 / Allies) BRUCEWILLISUSA: I PINGED IT
(26:23 / Allies) BRUCEWILLISUSA: FOR A WHOLE MINUTE
(26:25 / Allies) BRUCEWILLISUSA: AND FLARED IT
(26:27 / Allies) BRUCEWILLISUSA: DUMB FUCKING RETARD
(26:32 / Allies) Mr-Blue-Sky: yep, thats when i saw it
(26:35 / Allies) BRUCEWILLISUSA: WHAT AM I GONNA GIVE YOU GOLD FOR?
(26:38 / Allies) BRUCEWILLISUSA: SO U CAN MAKE MORE XP TOMES
(26:40 / Allies) BRUCEWILLISUSA: FOR HTEM TO LEVEL UP?
(26:46 / Allies) BRUCEWILLISUSA: THEY ALREADY GOT SEVERAL LEVEL 6S OFF U
(27:27 / Allies) Mr-Blue-Sky: all tp
(27:31 / Allies) BRUCEWILLISUSA: NAH
(27:33 / Allies) BRUCEWILLISUSA: DONT THINK I WILL
(27:34 / Allies) BRUCEWILLISUSA: ENJOY THOUGH
(30:32 / Allies) BRUCEWILLISUSA: THINK U CAN HANDLE IT NOW?
(30:38 / Allies) BRUCEWILLISUSA: IS A WORKERLESS MINE
(30:39 / Allies) Mr-Blue-Sky: you got it purple
(30:40 / Allies) BRUCEWILLISUSA: TOO MUCH FOR YOU
(30:41 / Allies) BRUCEWILLISUSA: STILL?
(30:59 / Allies) Mr-Blue-Sky: anything to make ur unhappy life a little better man
(31:15 / Allies) Mr-Blue-Sky: pink..
(32:33 / Allies) BRUCEWILLISUSA: YOU guys realize they lost all 4 bases
(32:41 / Allies) BRUCEWILLISUSA: and that bottom hasnt even been able to build for 21 minutes
(32:51 / Allies) Mr-Blue-Sky: yep, doesn't really matter when they have a full army your not helping with
(32:55 / Allies) BRUCEWILLISUSA: thats 3 of you
(32:58 / Allies) BRUCEWILLISUSA: vs about 50 food of them
(33:04 / Allies) BRUCEWILLISUSA: im not helping...
(33:04 / Allies) Mr-Blue-Sky: 2 of us
(33:07 / Allies) BRUCEWILLISUSA: watch this replay please
(33:10 / Allies) BRUCEWILLISUSA: duymb rat
(33:12 / Allies) BRUCEWILLISUSA: im the reason we won
(33:18 / All) Mr-Blue-Sky: we.. didn't win
(33:22 / Allies) BRUCEWILLISUSA: noob
(33:23 / Allies) BRUCEWILLISUSA: leave then
(33:42 / Allies) Mr-Blue-Sky: you sticking by all that your saying?
(34:09 / Allies) Mr-Blue-Sky: is something wrong purple?.. do you need someone to talk to?
(34:53 / Allies) BRUCEWILLISUSA: still on the run
(34:56 / Allies) BRUCEWILLISUSA: from the same 20 units
(34:57 / Allies) BRUCEWILLISUSA: rofl
(35:16 / Allies) Mr-Blue-Sky: expo it up pink
(35:24 / Allies) Mr-Blue-Sky: fast build
(37:56 / All) BRUCEWILLISUSA: det your very last worker
(37:58 / All) BRUCEWILLISUSA: thats great
(38:01 / All) IiIiiiIiiIIIii1: gg
(38:02 / All) PrinceKael-Thas: ya
(38:08 / All) IiIiiiIiiIIIii1: bruce do you still have a maphack?
(38:19 / Allies) Bobssc3: coming purp
(38:27 / Allies) BRUCEWILLISUSA: dont need you to come
(38:29 / Allies) BRUCEWILLISUSA: dumb follow mode noob rat
(39:19 / All) BRUCEWILLISUSA: u mad?
(39:25 / All) IiIiiiIiiIIIii1: im not
(39:30 / All) BRUCEWILLISUSA: talkin gto kaelthas
(39:33 / All) IiIiiiIiiIIIii1: i just wanna know if you still have a mh
(39:38 / All) IiIiiiIiiIIIii1: ic
(39:39 / All) BRUCEWILLISUSA: whose apm has gone higher and higher as his unit count dropped
(39:56 / All) IiIiiiIiiIIIii1: can you answer my question about the mh?
(40:10 / All) IiIiiiIiiIIIii1: guess not...
(40:14 / All) IiIiiiIiiIIIii1: gg
(40:23 / All) BRUCEWILLISUSA: crappy beat up dota master level 6 heros
(40:23 / All) BRUCEWILLISUSA: rofl
(40:26 / All) BRUCEWILLISUSA: come starfall my base
(40:28 / All) BRUCEWILLISUSA: see how it goes
(40:40 / Allies) Mr-Blue-Sky: well done pink
(40:44 / Allies) BRUCEWILLISUSA: bl;ow me noob
(40:46 / Allies) BRUCEWILLISUSA: dont play rt anymore
(40:47 / Allies) BRUCEWILLISUSA: any of u
(41:06 / All) Mr-Blue-Sky: because you know i want to help you purple
(41:36 / All) BRUCEWILLISUSA: NOOB
(41:41 / All) BRUCEWILLISUSA: hero noobs
(41:42 / All) BRUCEWILLISUSA: hero noobs